 Dungeon Crawl Stone Soup version 0.17-a0-1-g1f4be75 (webtiles) character file.

28 McCoppin the Slasher (level 3, 12/27 HPs)
             Began as a Formicid Warper on Mar 5, 2015.
             Quit the game on level 2 of the Dungeon.
             The game lasted 00:03:30 (1356 turns).

McCoppin the Slasher (Formicid Warper)              Turns: 1356, Time: 00:03:30

Health: 12/27      AC:  4    Str: 19    XL:     3   Next: 27%
Magic:  7/7        EV: 11    Int: 12    God:
Gold:   51         SH:  0    Dex: 11    Spells: 1 memorised, 5 levels left

rFire  . . .     SeeInvis +     a - +0 falchion
rCold  . . .     Clarity  .     b - +0 leather armour
rNeg   . . .     SustAb   .     (no shield)
rPois  .         Gourm    .     (helmet unavailable)
rElec  .         Spirit   .     q - +0 cloak
rCorr  .         Warding  .     (no gloves)
rMut   .         Stasis   +     (no boots)
MR     .....                    (no amulet)
Stlth  +.........               (no ring)
                                d - +4 ring of strength

@: not resistant to hostile enchantments, very unstealthy
A: permanent stasis, dig shafts and tunnels, four strong arms, antennae 3
a: Dig, Shaft Self


You were on level 2 of the Dungeon.
You were hungry.

You visited 1 branch of the dungeon, and saw 2 of its levels.

You collected 51 gold pieces.

Inventory:

Hand weapons
 a - a +0 falchion (weapon)
Missiles
 e - 5 tomahawks of dispersal (quivered)
Armour
 b - a +0 leather armour (worn)
 q - a +0 cloak (worn)
Jewellery
 d - a +4 ring of strength (left hand)
 m - an uncursed amulet of rage {unknown}
Scrolls
 g - a scroll of magic mapping {unknown}
 h - 2 scrolls of identify {unknown}
 i - a scroll of immolation {unknown}
 k - a scroll of fog {unknown}
 l - a scroll of remove curse {unknown}
 o - a scroll of fear {unknown}
Potions
 n - a potion of magic {unknown}
 p - a potion of restore abilities {unknown}
Books
 c - a book of Spatial Translocations

   Spells                             Type                      Level
   a - Apportation                    Translocation                1
   b - Blink                          Translocation                2
   c - Shroud of Golubria             Charms/Translocation         2
   d - Portal Projectile              Translocation                3
   e - Teleport Other                 Translocation                3
   f - Passage of Golubria            Translocation                4
Comestibles
 f - a bread ration
 j - a slice of pizza


   Skills:
 - Level 2.1 Fighting
 + Level 3.5 Long Blades
 - Level 0.7 Throwing
 - Level 1.1 Armour
 - Level 1.7 Dodging
 - Level 2.1 Spellcasting
 - Level 2.6 Translocations


You had 5 spell levels left.
You knew the following spells:

 Your Spells              Type           Power        Failure   Level  Hunger
a - Apportation           Tloc           #.........   12%         1    ##.....


Dungeon Overview and Level Annotations

Branches:
Dungeon (2/15)

Altars:
Okawaru


Innate Abilities, Weirdness & Mutations

You are under a permanent stasis effect.
You can dig through walls and to a lower floor.
Your four strong arms can wield two-handed weapons with a shield.
You have a pair of large antennae on your head (SInv).


Message History

The adder is severely wounded.
The adder barely misses you. The adder bites you.
You miss the adder.
The adder is severely wounded.
You feel sick. The adder bites you but does no damage.
You slash the adder!
You kill the adder!
You have reached level 3!
Your experience leads to an increase in your attributes!
Your base attributes are Str 15, Int 12, Dex 10.
Increase (S)trength, (I)ntelligence, or (D)exterity?
You feel agile.
You start resting.
You feel sick. x3
You are no longer poisoned.
You start resting.
All of the chunks of flesh in your inventory have rotted away.
You start resting.
You are feeling hungry.
Are you sure you want to abandon this character and quit the game? (Confirm with "yes".)

#....[....#
#.†.......#
#..<......#
#.........#
#.........#
#.........#
#.........#
############.........#
#.....†@.............#
#.#############.######
#.# #.# #.# _#.# .####
.8## 8##


There were no monsters in sight!

Vanquished Creatures
  An adder (D:2)
  2 giant geckos (D:1)
  3 hobgoblins (D:1)
  2 jackals (D:1)
  5 bats (D:1)
  A giant cockroach (D:2)
  2 giant newts (D:1)
  3 goblins (D:1)
  A rat (D:1)
20 creatures vanquished.

Notes
Turn   | Place    | Note
--------------------------------------------------------------
     0 | D:1      | McCoppin, the Formicid Warper, began the quest for the Orb.
     0 | D:1      | Reached XP level 1. HP: 16/16 MP: 3/3
   228 | D:1      | Reached XP level 2. HP: 17/22 MP: 5/5
   702 | D:1      | Reached skill level 3 in Long Blades
  1245 | D:2      | Found an iron altar of Okawaru.
  1265 | D:2      | Reached XP level 3. HP: 7/27 MP: 7/7
  1356 | D:2      | Quit the game

Action                   || total
-------------------------++-------
Melee: Falchion          ||    65
  Use: Potion            ||     2
  Eat: Chunk             ||     1
